 Dungeon Crawl Stone Soup version 0.28.0-47-ge53b351184 (webtiles) character file.

Game seed: 14265261211818811542

56 Zeld the Skirmisher (level 3, 0/33 HPs)
             Began as a Draconian Monk on Apr 28, 2022.
             Slain by an orc
             ... wielding a +0 short sword
              (2 damage)
             ... on level 3 of the Dungeon.
             The game lasted 00:02:05 (1357 turns).

Zeld the Skirmisher (Draconian Monk)                Turns: 1357, Time: 00:02:05

Health: 0/33       AC:  5    Str: 15    XL:     3   Next: 69%
Magic:  3/3        EV: 12    Int: 10    God:
Gold:   28         SH:  0    Dex: 13    Spells: 2/2 levels left

rFire   . . .      SeeInvis .   a - +0 hand axe
rCold   . . .      Faith    +   (no shield)
rNeg    . . .      Spirit   .   (armour unavailable)
rPois   .          Reflect  .   (helmet restricted)
rElec   .          Harm     .   (no cloak)
rCorr   .          Rampage  .   (no gloves)
Will    .....                   (no boots)
Stlth   ++........              d - amulet of faith
HPRegen 0.11/turn               (no ring)
MPRegen 0.08/turn               (no ring)

@: no status effects
A: AC +5, unfitting armour, cold-blooded
a: no special abilities


You were on level 3 of the Dungeon.
You visited 1 branch of the dungeon, and saw 4 of its levels.

You collected 28 gold pieces.

Inventory:

Hand Weapons
 a - a +0 hand axe (weapon)
Jewellery
 d - an amulet of faith (around neck)
Scrolls
 b - 2 scrolls of identify {unknown}
 c - a scroll of enchant weapon {unknown}


   Skills:
 * Level 4.0 Fighting
 * Level 3.6 Axes
 + Level 3.0 Dodging
 + Level 2.2 Stealth


You had 2 spell levels left.
You didn't know any spells.
Your spell library was empty.

Dungeon Overview and Level Annotations

Branches:
Dungeon (4/15)
 Temple: D:4-7

Altars:


Innate Abilities, Weirdness & Mutations

Your plain brown scales are hard. (AC +5)
You cannot fit into any form of body armour.
You are cold-blooded and may be slowed by cold attacks.


Message History

You hit the orc.
You kill the orc!
The orc priest begins to cast a cantrip, but forgets the words!
The orc closely misses you.
You barely miss the rat. The rat closely misses you.
The orc hits you from afar with a +0 trident.
The rat bites you but does no damage.
You barely miss the rat.
The orc hits you from afar with a +0 trident.
* * * LOW HITPOINT WARNING * * *
The rat bites you but does no damage.
You closely miss the rat.
A kobold comes into view.
It is wielding a +2 short sword of flaming.
The orc closely misses you. The rat bites you but does no damage.
You closely miss the rat.
The kobold shouts!
You tail-slap the rat, but do no damage.
The orc barely misses you. The rat bites you but does no damage.
You slash the rat!
You kill the rat!
The orc throws a boomerang.
The boomerang barely misses you.
You hit the orc priest but do no damage.
The orc hits you but does no damage.
The orc priest invokes the aid of Beogh against you.
Pain shoots through your body!
* * * LOW HITPOINT WARNING * * *
You hit the orc priest.
The orc priest is lightly wounded.
The orc barely misses you.
You closely miss the orc priest.
The orc priest is lightly wounded.
The orc hits you from afar with a +0 trident.
* * * LOW HITPOINT WARNING * * *
The orc priest hits you with a +1 whip of electrocution.
* * * LOW HITPOINT WARNING * * *
The orc hits you but does no damage.
You hit the orc priest.
Your tail-slap misses the orc priest.
The orc priest is heavily wounded.
You hit the orc. The orc hits you with a +0 short sword.
You die...

....#.
.....
#####....
#.......
#.#....
#.#.#o#
#.#.).#
#.#or#
#@#).##..#
#ooo.....#
######.###
.# #


You could see an orc priest and 2 orcs.

Vanquished Creatures
  An orc wizard (D:3)
  An orc (D:3)
  A bat (D:1)
  2 endoplasms (D:1)
  3 goblins
  4 hobgoblins (D:1)
  4 jackals
  2 kobolds
  3 quokkas
  A ball python (D:1)
  A frilled lizard (D:1)
  3 rats
26 creatures vanquished.

Notes
Turn   | Place    | Note
-------+----------+-------------------------------------------
     0 | D:1      | Zeld the Draconian Monk began the quest for the Orb.
     0 | D:1      | Reached XP level 1. HP: 19/19 MP: 1/1
   189 | D:1      | Reached XP level 2. HP: 19/26 MP: 2/2
   330 | D:1      | Found a faded altar of an unknown god.
  1298 | D:2      | You fall into a shaft and drop 2 floors!
  1298 | D:4      | Noticed a phantom
  1336 | D:3      | Reached skill level 4 in Fighting
  1336 | D:3      | Reached XP level 3. HP: 21/33 MP: 3/3
  1357 | D:3      | Slain by an orc

Illustrated notes

Levels and vault maps discovered:
D:1:      heliophobic_arrival_enchanted_forest, layout_loops_corners,
          hellmonk_ecumenical_altar_arch_garden
D:2:      layout_loops_corners, serial_shops, nicolae_shop_statue_plus,
          feat_on_display
D:3:      layout_loops_cross, hellmonk_ghost_happy_afterlife, serial_shops,
          shop, st_stairs_8, uniq_natasha
D:4:      layout_basic, minmay_hedge_maze

Skill      XL: |  1  2 |
---------------+-------+-----
Stealth        | 2 |  2.2
Fighting       | 4 |  4.0
Dodging        | 3 |  3.0
Axes           | |  3.6

Action                   || total
-------------------------++-------
Melee: Hand axe          ||    84
       Tailslap          ||    10
 Stab: Sleeping          ||     2
Armor: Skin              ||    36
Dodge: Dodged            ||    72
